 Dungeon Crawl Stone Soup version 0.24.0-123-gd5b16e6ec5 (webtiles) character file.

Game seed: 13805776670895961578, levelgen mode: deterministic

128 Kobolds4U the Conjurer (level 4, -3/24 HPs)
             Began as a Deep Elf Conjurer on Dec 21, 2019.
             Killed by divine providence
             ... invoked by an orc priest
              (11 damage)
             ... on level 3 of the Dungeon.
             The game lasted 00:04:19 (2010 turns).

Kobolds4U the Conjurer (Deep Elf Conjurer)          Turns: 2010, Time: 00:04:19

Health: -3/24      AC:  2    Str:  6    XL:     4   Next: 86%
Magic:  2/10       EV: 13    Int: 20    God:
Gold:   123        SH:  0    Dex: 15    Spells: 3/9 levels left

rFire    . . .     SeeInvis .   g - +0 dagger
rCold    . . .     Gourm    .   (no shield)
rNeg     . . .     Faith    .   a - +0 robe
rPois    .         Spirit   .   (no helmet)
rElec    .         Reflect  .   (no cloak)
rCorr    .         Harm     .   (no gloves)
MR       .....                  (no boots)
Stlth    ++........             (no amulet)
HPRegen  0.08/turn              (no ring)
MPRegen  0.12/turn              (no ring)

@: no status effects
A: no striking features
a: no special abilities


You were on level 3 of the Dungeon.
You were not hungry.

You visited 1 branch of the dungeon, and saw 3 of its levels.

You collected 123 gold pieces.

Inventory:

Hand Weapons
 g - a +0 dagger (weapon)
Armour
 a - a +0 robe (worn)
Scrolls
 b - a scroll of blinking {unknown}
 d - a scroll of teleportation {unknown}
 i - a scroll of remove curse {unknown}
 k - 2 scrolls of identify {unknown}
 l - a scroll of fog {unknown}
Potions
 e - a potion of curing {unknown}
 h - 4 potions of heal wounds {unknown}
 j - a potion of resistance {unknown}
Comestibles
 c - 3 rations
 f - a chunk of flesh


   Skills:
 - Level 2.4 Dodging
 - Level 2.4 Stealth
 - Level 3.0 Spellcasting
 + Level 6.9 Conjurations


You had 3 spell levels left.
You knew the following spells:

 Your Spells              Type           Power        Failure   Level  Hunger
a - Magic Dart            Conj           ####         1%          1    None
b - Searing Ray           Conj           ####..       1%          2    ##.....
c - Dazzling Spray        Conj/Hex       ###...       11%         3    ###....

Your spell library contained the following spells:

 Spells                   Type           Power        Failure   Level  Hunger
 Iskenderun's Mystic Bla  Conj           ####....     9%          4    ####...
 Force Lance              Conj/Tloc      ###.....     34%         4    ####...
 Fulminant Prism          Conj/Hex       ###.......   34%         4    ####...


Dungeon Overview and Level Annotations

Branches:
Dungeon (3/15)

Altars:
Yredelemnul
The Shining One


Message History

You barely miss the orc priest.
The orc priest is severely wounded.
The orc priest is no longer blind.
The orc priest hits you.
You hit the orc priest but do no damage.
The orc priest is severely wounded.
The orc priest looks braver for a moment.
You hit the orc priest but do no damage.
The orc priest is severely wounded.
The orc priest hits you.
Casting: Magic Dart (safe; 1% risk of failure)
Confirm with . or Enter, or press ? or * to list all spells.
You don't have enough magic to cast that spell.
You hit the orc priest but do no damage.
The orc priest is severely wounded.
The orc priest closely misses you.
You hit the orc priest but do no damage.
The orc priest is severely wounded.
The orc priest calls down the wrath of Beogh upon you.
Beogh smites you!
You die...

###### ...... ####### # ######
..... . ##### #..# #. # #...o
###..### #.## #..###.#.#
.......######... #......#..
...............<########.####.#..
###..#.###### #.@o......[....[...
#..#.##########.....#.##.##.o.. #
#..#............#...).## #....
###..############## #......##o...
.....# ...[........ ####.#
#.>#####.... .....# ###########
####.# #.......### # #......#(##


You could see an orc priest.

Vanquished Creatures
  An orc wizard (D:2)
  4 adders
  An ooze (D:2)
  3 worms
  2 dart slugs
  4 leopard geckos
  4 orcs
  2 giant cockroaches
  4 goblins (D:2)
  7 hobgoblins
  3 bats (D:2)
  2 frilled lizards
  3 kobolds
  5 rats
45 creatures vanquished.

Vanquished Creatures (others)
  A goblin (D:2)
1 creature vanquished.

Grand Total: 46 creatures vanquished

Notes
Turn   | Place    | Note
-------+----------+-------------------------------------------
     0 | D:1      | Kobolds4U the Deep Elf Conjurer began the quest for the
                  | Orb.
     0 | D:1      | Reached XP level 1. HP: 10/10 MP: 6/6
    26 | D:1      | You fall into a shaft and drop 1 floor!
    33 | D:2      | Reached XP level 2. HP: 15/15 MP: 2/8
    40 | D:2      | Learned a level 2 spell: Searing Ray
    51 | D:2      | Reached skill level 5 in Conjurations
   241 | D:2      | Reached XP level 3. HP: 15/19 MP: 1/9
   720 | D:2      | Found a basalt altar of Yredelemnul.
   729 | D:2      | Found a glowing golden altar of the Shining One.
   731 | D:2      | Noticed an angel
  1172 | D:3      | Reached skill level 6 in Conjurations
  1282 | D:3      | Learned a level 3 spell: Dazzling Spray
  1361 | D:3      | Reached XP level 4. HP: 14/24 MP: 5/10
  2010 | D:3      | Killed from afar by an orc priest

Levels and vault maps discovered:
D:1:      tarquinn_simple_flora_water_a, layout_loops_ring, minmay_cupped
D:2:      layout_basic, grunt_temple_overflow_holy_war, first_ration,
          minmay_stone_trees_small, st_stairs_13, minmay_misc_feat_x,
          chequers_serial_rivers_micro_a, chequers_mini_garden
D:3:      minmay_chambers_of_threes, layout_loops_ring

Skill      XL: |  1  2  3 |
---------------+----------+-----
Conjurations   | 5 6 |  6.9
Dodging        | |  2.4
Stealth        | |  2.4
Spellcasting   | |  3.0

Action                   |  1- 3 |  4- 6 || total
-------------------------+-------+-------++-------
Melee: Dagger            |     5 |     8 ||    13
 Cast: Magic Dart        |    54 |    29 ||    83
       Searing Ray       |     4 |     1 ||     5
       Dazzling Spray    |       |     1 ||     1
 Stab: Sleeping          |     3 |       ||     3
  Eat: Chunk             |     1 |     2 ||     3
Armor: Robe              |     2 |     1 ||     3
Dodge: Dodged            |    14 |     6 ||    20
